 Dungeon Crawl Stone Soup version 0.27.1-1-g398f81649c (webtiles) character file.

Game seed: 3735590491358044640

188 Rickety the Sneak (level 5, -10/25 HPs)
             Began as a Spriggan Enchanter on Sept 16, 2021.
             Mangled by a mummy (16 damage)
             ... in an ossuary.
             The game lasted 00:06:34 (3668 turns).

Rickety the Sneak (Spriggan Enchanter)              Turns: 3668, Time: 00:06:35

Health: -10/25     AC:  4    Str:  4    XL:     5   Next: 39%
Magic:  3/11       EV: 16    Int: 17    God:
Gold:   93         SH:  0    Dex: 16    Spells: 2/11 levels left

rFire    . . .     SeeInvis +   a - +1 dagger
rCold    . . .     Faith    .   (shield restricted)
rNeg     + . .     Spirit   .   m - +0 troll leather armour {Purgy}
rPois    .         Reflect  .   (helmet restricted)
rElec    .         Harm     .   (no cloak)
rCorr    .         Rampage  .   (gloves unavailable)
Will     .....                  (boots unavailable)
Stlth    ++++......             (no amulet)
HPRegen  1.08/turn              d - ring of positive energy
MPRegen  0.12/turn              (no ring)

@: confusing by touch, very slightly contaminated, slowed, quick
A: very small, no large weapons, unfitting armour, see invisible, speed 3
a: no special abilities


You were in an ossuary.
You visited 1 branch of the dungeon, and saw 4 of its levels.
You also visited: Ossuary.

You collected 93 gold pieces.

Inventory:

Hand Weapons
 a - a +1 dagger (weapon)
Armour
 b - a +0 buckler
 m - a +0 troll leather armour (worn) {Purgy}
Jewellery
 d - a ring of positive energy (left hand)
Scrolls
 c - 2 scrolls of magic mapping {unknown}
 e - a scroll of vulnerability {unknown}
 f - a scroll of enchant weapon {unknown}
 g - 2 scrolls of torment {unknown}
 i - 3 scrolls of amnesia {unknown}
 k - a scroll of fear {unknown}
Potions
 h - 3 potions of lignification {unknown}
 j - a potion of brilliance {unknown}
 l - 2 potions of curing {unknown}


   Skills:
 + Level 0.3 Fighting
 + Level 2.0 Short Blades
 + Level 3.1 Dodging
 * Level 7.6 Stealth
 + Level 3.5 Spellcasting
 + Level 4.4 Hexes


You had 2 spell levels left.
You knew the following spells:

 Your Spells              Type           Power      Damage    Failure   Level
a - Corona                Hex            18%        N/A       4%          1
b - Ensorcelled Hibernat  Hex/Ice        20%        N/A       19%         2
c - Confusing Touch       Hex            17%        N/A       14%         3
t - Tukima's Dance        Hex            17%        N/A       14%         3

Your spell library contained the following spells:

 Spells                   Type           Power      Damage    Failure   Level
 Passwall                 Tmut/Erth      1%         N/A       41%         2
 Dazzling Flash           Conj/Hex       20%        N/A       36%         3
 Swiftness                Air            2%         N/A       65%         3
 Invisibility             Hex            8%         N/A       100%        6


Dungeon Overview and Level Annotations

Branches:
Dungeon (4/15)            Ossuary (1/1)
 Temple: D:4-7

Altars:

Shops:
D:1 (   D:4 (*

Annotations:
D:4 Robin


Innate Abilities, Weirdness & Mutations

You are very small and have problems with some larger weapons.
You are too small for most types of armour.
You have supernaturally acute eyesight. (SInv)
You cover ground extremely quickly. (Speed+++)


Message History

The world spins around you as you enter the gateway.
You enter an ossuary!
Found a gate leading back out of this place.
There is an empty arch of ancient stone here.
Casting: Confusing Touch (quite dangerous; 14% risk of failure)
Confirm with . or Enter, or press ? or * to list all spells.
The spell is quite dangerous to cast (14% risk of failure)!
Continue anyway?
Your hands begin to glow red.
You hit the mummy but do no damage. You hit the mummy but do no damage.
The mummy appears confused.
You hit the mummy.
The mummy is lightly damaged.
The mummy hits you but does no damage. The mummy closely misses you.
Casting: Confusing Touch (quite dangerous; 14% risk of failure)
Confirm with . or Enter, or press ? or * to list all spells.
The spell is quite dangerous to cast (14% risk of failure)!
Continue anyway?
You miscast Confusing Touch.
You are very lightly contaminated with residual magic.
Magic surges out from your body.
You feel yourself slow down.
The mummy barely misses you. x2; The mummy closely misses you.
You completely miss the mummy.
The mummy is lightly damaged.
The mummy hits you!
Ouch! That really hurt!
Casting: Confusing Touch (quite dangerous; 14% risk of failure)
Confirm with . or Enter, or press ? or * to list all spells.
The spell is quite dangerous to cast (14% risk of failure)!
Continue anyway?
Aiming: Tukima's Dance (quite dangerous; 14% risk of failure)
Press: ? - help, Shift-Dir - straight line, f - you
Okay, then.
Unknown command.
Casting: Tukima's Dance (quite dangerous; 14% risk of failure)
Confirm with . or Enter, or press ? or * to list all spells.
The spell is quite dangerous to cast (14% risk of failure)!
Continue anyway?
Your hands begin to glow red.
The mummy closely misses you. x2
You hit the mummy but do no damage. The mummy hits you!
* * * LOW HITPOINT WARNING * * *
The mummy hits you!
Ouch! That really hurt!
You die...

###
######.M#
#...@M.##
+.∩.∩M..#
#......##
######..#
###


You could see 3 mummies.

Vanquished Creatures
  Purgy (D:3)
  Jessica (D:3)
  A howler monkey skeleton (D:4)
  4 dart slugs
  An orc (D:4)
  7 bats
  6 endoplasms
  3 giant cockroaches
  4 goblins
  4 hobgoblins
  2 quokkas
  5 ball pythons
  5 frilled lizards
  5 kobolds
  4 rats
53 creatures vanquished.

Vanquished Creatures (others)
  A goblin (D:4)
1 creature vanquished.

Grand Total: 54 creatures vanquished

Notes
Turn   | Place    | Note
-------+----------+-------------------------------------------
     0 | D:1      | Rickety the Spriggan Enchanter began the quest for the Orb.
     0 | D:1      | Reached XP level 1. HP: 9/9 MP: 5/5
   382 | D:1      | Reached XP level 2. HP: 13/13 MP: 6/6
   385 | D:1      | Learned a level 2 spell: Ensorcelled Hibernation
   424 | D:1      | Reached skill level 5 in Stealth
   723 | D:1      | Found Efopy's Antique Weapon Shoppe.
  1215 | D:2      | Reached XP level 3. HP: 16/16 MP: 8/8
  1219 | D:2      | Learned a level 3 spell: Confusing Touch
  1600 | D:2      | Noticed a golden eye
  1601 | D:2      | Found a faded altar of an unknown god.
  1607 | D:2      | Noticed a golden eye
  1607 | D:2      | Noticed a floating eye
  1607 | D:2      | Noticed an eye of devastation
  3071 | D:3      | Noticed Jessica
  3073 | D:3      | Killed Jessica
  3074 | D:3      | Reached skill level 6 in Stealth
  3074 | D:3      | Reached XP level 4. HP: 21/21 MP: 10/10
  3099 | D:4      | Found Ricemaak's Assorted Antiques.
  3132 | D:4      | Noticed Robin
  3132 | D:4      | Noticed an ogre
  3132 | D:4      | Found Zuexkew's Weapon Emporium.
  3206 | D:4      | Noticed Purgy
  3369 | D:3      | Killed Purgy
  3370 | D:3      | Reached skill level 7 in Stealth
  3370 | D:3      | Reached XP level 5. HP: 8/25 MP: 7/11
  3419 | D:3      | Learned a level 3 spell: Tukima's Dance
  3649 | D:4      | Found a sand-covered staircase.
  3658 | Ossuary  | Entered an ossuary
  3668 | Ossuary  | Mangled by a mummy

Illustrated notes

Levels and vault maps discovered:
D:1:      giann_wishing_wells, layout_basic, serial_shops,
          nicolae_shop_window_shopping
D:2:      layout_basic, hellmonk_ecumenical_altar_watching_god,
          serial_park_tiny_1, minmay_pentomino_pile
D:3:      layout_loops_ring, kennysheep_path_1, uniq_jessica
D:4:      layout_rooms, serial_bayou, serial_bayou_pond_a, serial_bayou_ford_a,
          serial_bayou_shore_b, serial_bayou_pond_e, serial_bayou_pond_a,
          serial_shops, nicolae_shop_behind_doors, kennysheep_little_box,
          nicolae_shop_stone, shop, nicolae_stop_n_shop_2, enter_ossuary_1,
          uniq_robin, uniq_purgy, uniq_natasha
Ossuary:  ossuary_minmay_chase

Skill      XL: |  1  2  3  4 |
---------------+-------------+-----
Stealth        | 5 6 7 |  7.6
Spellcasting   | 3 |  3.5
Hexes          | 4 |  4.4
Short Blades   | 2 |  2.0
Dodging        | 3 |  3.1
Fighting       | |  0.3

Action                   |  1- 3 |  4- 6 || total
-------------------------+-------+-------++-------
Melee: Dagger            |   112 |    41 ||   153
 Cast: Corona            |     2 |       ||     2
       Ensorcelled Hiber |    19 |     3 ||    22
       Confusing Touch   |       |     3 ||     3
 Stab: Sleeping          |    27 |     3 ||    30
       Confused          |       |     1 ||     1
Armor: Robe              |    13 |     2 ||    15
       Troll leather arm |       |     3 ||     3
Dodge: Dodged            |    78 |    42 ||   120
